 Dungeon Crawl Stone Soup version 0.16.1-12-gf5c4a84 (webtiles) character file.

1243097 ztt the Axe Maniac (level 27, -6/225 (245) HPs)
             Began as a Minotaur Fighter on Apr 9, 2015.
             Was the Champion of the Shining One.
             Killed from afar by an orb of fire (89 damage)
             ... with a bolt of fire
             ... on level 5 of the Realm of Zot on Apr 10, 2015.
             The game lasted 04:16:38 (78792 turns).

ztt the Axe Maniac (Minotaur Fighter)              Turns: 78792, Time: 04:16:38

HP:   -6/225 (245)  AC: 60    Str: 36    XL:     27
MP:   35/43         EV: 19    Int:  5    God:    the Shining One [******]
Gold: 7287          SH:  0    Dex: 16    Spells: 0 memorised, 29 levels left

rFire  . . .     SeeInvis +     R - +9 battleaxe (holy)
rCold  + . .     Clarity  +     F - +14 crystal plate armour of Complete Protection {Regen+} (curse)
rNeg   + + +     SustAb   .     (no shield)
rPois  .         Gourm    .     K - +0 mask of the Dragon {MR+ Slay+3 SInv} (curse)
rElec  .         Spirit   .     c - +3 cloak of Flash {+Fly EV+4} (curse)
rCorr  +         Warding  .     d - +4 pair of gloves of Boiling Hail {rF+ rCorr} (curse)
rMut   .         Stasis   .     S - +2 pair of boots {Fly} (curse)
MR     ++++.                    y - amulet "Urusarchant" {Clar MR+ Dex+3} (curse)
Stlth  ..........               e - ring "Yfuati Pliost" {Ice rN+ Str+5} (curse)
                                a - +3 ring of slaying (curse)

@: flying, glowing, incredibly resistant to hostile enchantments, extremely
unstealthy
A: retaliatory headbutt, horns 2, blurry vision 1, frail 1
a: Divine Shield, Cleansing Flame, Summon Divine Warrior, Renounce Religion,
Stop Flying
}: 15/15 runes: barnacled, slimy, silver, golden, iron, obsidian, icy, bone,
abyssal, demonic, glowing, magical, fiery, dark, gossamer


You were on level 5 of the Realm of Zot.
You worshipped the Shining One.
The Shining One was exalted by your worship.
You were full.

You visited 18 branches of the dungeon, and saw 96 of its levels.
You visited Pandemonium 1 time, and saw 23 of its levels.
You visited the Abyss 2 times.
You visited 1 bazaar.
You also visited: Labyrinth, Ossuary and Ice Cave.

You collected 11995 gold pieces.
You spent 4708 gold pieces at shops.

Inventory:

Hand weapons
 M - a cursed +4 broad axe of flaming
 R - a +9 battleaxe of holy wrath (weapon)
Missiles
 o - 38 stones (quivered)
Armour
 c - the cursed +3 cloak of Flash (worn) {+Fly EV+4}
   (You found it on level 7 of the Iron City of Dis)

   It affects your evasion (+4).
   It lets you fly.
   It has a curse placed upon it.
 d - the cursed +4 pair of gloves of Boiling Hail (worn) {rF+ rCorr}
   (You found it on level 6 of the Pits of Slime)

   It protects you from fire.
   It protects you from acid and corrosion.
   It has a curse placed upon it.
 F - the cursed +14 crystal plate armour of Complete Protection (worn) {Regen+}
   (Okawaru gifted it to you on level 11 of the Dungeon)

   It increases your rate of regeneration.
   It has a curse placed upon it.
 K - the cursed +0 mask of the Dragon (worn) {MR+ Slay+3 SInv}
   (You found it on level 5 of the Vaults)

   It affects your accuracy and damage with ranged weapons and melee attacks
   (+3).
   It affects your resistance to hostile enchantments.
   It enhances your eyesight.
   It has a curse placed upon it.
 S - a cursed +2 pair of boots of flying (worn)
Jewellery
 a - a cursed +3 ring of slaying (left hand)
 e - the cursed ring "Yfuati Pliost" (right hand) {Ice rN+ Str+5}
   (You bought it in a shop on level 2 of the Depths)

   [ring of ice]

   It enhances your ice magic, and weakens your fire magic.
   It affects your strength (+5).
   It makes you vulnerable to fire.
   It protects you from cold.
   It protects you from negative energy.
   It has a curse placed upon it.
 g - a cursed amulet of resist mutation
 h - a cursed ring of sustain abilities
 p - a cursed ring of poison resistance
 y - the cursed amulet "Urusarchant" (around neck) {Clar MR+ Dex+3}
   (You bought it in a shop on level 1 of the Shoals)

   [amulet of clarity]

   It provides mental clarity.
   It affects your dexterity (+3).
   It affects your resistance to hostile enchantments.
   It has a curse placed upon it.
 B - the cursed ring of the Lonely Beggars {rN+ MR- Str+4 Dex+2}
   (You found it on level 3 of the Crypt)

   [ring of positive energy]

   It affects your strength (+4).
   It affects your dexterity (+2).
   It protects you from negative energy.
   It affects your resistance to hostile enchantments.
   It has a curse placed upon it.
 H - a cursed ring of teleport control
 L - the cursed ring of Bryv {rPois rF+ Dex+4}
   (You found it on level 1 of the Depths)

   [ring of poison resistance]

   It affects your dexterity (+4).
   It protects you from fire.
   It protects you from poison.
   It has a curse placed upon it.
 O - the cursed ring "Yshuhiz" {rC- rN+ Str+4 Int+4 Slay+3}
   (You found it on level 3 of the Crypt)

   [ring of positive energy]

   It affects your strength (+4).
   It affects your intelligence (+4).
   It affects your accuracy and damage with ranged weapons and melee attacks
   (+3).
   It makes you vulnerable to cold.
   It protects you from negative energy.
   It has a curse placed upon it.
 V - a cursed ring of teleportation
 X - a cursed amulet of stasis
Magical devices
 n - a wand of heal wounds (3)
 s - a wand of heal wounds (1)
 v - a wand of digging (0)
 w - a wand of disintegration (2)
 z - a wand of digging (20)
 A - a wand of confusion (25)
 G - a wand of teleportation (6)
 P - a wand of fireball (4)
 Z - a wand of fire (7)
Scrolls
 b - 2 scrolls of summoning
 f - 13 scrolls of teleportation
 m - a scroll of enchant weapon
 x - 14 scrolls of recharging
 I - 30 scrolls of remove curse
 J - 11 scrolls of fog
 Q - 2 scrolls of holy word
 T - 2 scrolls of blinking
 U - 2 scrolls of silence
 W - 2 scrolls of fear
 Y - 4 scrolls of identify
Potions
 i - 4 potions of resistance
 j - 4 potions of magic
 k - 25 potions of curing
 l - 4 potions of cure mutation
 r - 8 potions of agility
 t - 12 potions of haste
 C - 12 potions of brilliance
 D - 8 potions of restore abilities
 N - 3 potions of cancellation
Comestibles
 u - a beef jerky
 E - 28 meat rations


   Skills:
 O Level 27 Fighting
 O Level 27 Axes
 + Level 22.0 Throwing
 O Level 27 Armour
 - Level 11.1 Dodging
 - Level 2.4 Stealth
   Level 25.8 Shields
 - Level 2.8 Unarmed Combat
 - Level 1.6 Spellcasting
 O Level 27 Invocations
 - Level 8.7 Evocations


You had 29 spell levels left.
You didn't know any spells.

Dungeon Overview and Level Annotations

Branches:
Dungeon (15/15)            Temple (1/1) D:6            Lair (8/8) D:9
 Shoals (5/5) Lair:6       Spider (5/5) Lair:5        Slime (6/6) Lair:7
    Orc (4/4) D:11            Elf (3/3) Orc:3        Vaults (5/5) D:14
  Crypt (3/3) Vaults:2       Tomb (3/3) Crypt:3      Depths (5/5) D:15
   Hell (1/1)                 Dis (7/7) Hell            Geh (7/7) Hell
    Coc (7/7) Hell            Tar (7/7) Hell            Zot (5/5) Depths:5

Altars:
Ashenzari
Cheibriados
Elyvilon
Fedhas
Gozag
Kikubaaqudgha
Makhleb
Nemelex Xobeh
Okawaru
Qazlal
Ru
Sif Muna
Trog
Vehumet
Xom
Yredelemnul
Zin
The Shining One

Shops:
D:5 ?   Orc:4 %(%(   Elf:2 }   Shoals:1 =   Vaults:1 *   Vaults:2 ?[*
Vaults:3 !   Depths:2 *   Depths:3 (

Portals:
Hell: Depths:1 Depths:2 Depths:3 Depths:4 Depths:5
Abyss: Depths:3 Depths:4
Pandemonium: Depths:1 Depths:2 Depths:3
Ziggurat: Depths:5
Trove: Depths:3 (give wand of heal wounds (8))

Annotations:
Lair:6 exclusion: oklob plant
Shoals:5 Polyphemus


Innate Abilities, Weirdness & Mutations

You reflexively headbutt those who attack you in melee.
You have a pair of horns on your head.
Scrolls take you a little longer to read.
You are frail (-10% HP).


Message History

The fireball explodes!
The fireball engulfs you!
The orb of fire glows deep purple.
The fireball explodes!
The fireball engulfs you!
* * * LOW HITPOINT WARNING * * *
You are too injured to fight recklessly!
You are too injured to fight recklessly!
Drink which item? (? for menu, Esc to quit)
Okay, then.
Evoke which item? (* to show all) (? for menu, Esc to quit)
Okay, then.
Use which ability? (? or * to list)
You are momentarily dazzled by a brilliant light.
You feel somewhat less full.
Evoke which item? (* to show all) (? for menu, Esc to quit)
Zapping:
s - a wand of heal wounds (2)
Press: ? - help, Shift-Dir - straight line, f - you You feel much better.
This wand has 1 charge left.
The orb of fire emits a lurid red light.
The bolt of fire hits your daeva. The bolt of fire hits you!
You die...

##.............## ##............
#.............# ##.............
##...........## #..............
#...........# #.........y^.^.
##...........## #..............
#.............# #.....*........
##.............## #.....^.....**.
#...............###...........X..
...###########.^@###......../...[
..## ##..A*##..........^. ###
###.............*.. #
#▓▓▓▓▓▓▓#▓▓###...
****,,,,,,...... **
***,,,,,,,,,...... ,**
**,,,,,,,,,,,.....% ,,* *********
*,,,,,,,,,,,,,.....
,,***,,,,,,,***,,,,,,,,,,,,,,.§..


You could see an orb of fire and a friendly daeva.

Vanquished Creatures
  Antaeus (Coc:7)
  Asmodeus (Geh:7)
  Cerebov (Pan)
  the Serpent of Hell (Dis:7)
  the royal jelly (Slime:6)
  Ereshkigal (Tar:7)
  Gloorx Vloq (Pan)
  Mnoleg (Pan)
  Dispater (Dis:7)
  Lom Lobon (Pan)
  Khufu (Tomb:2)
  4 orbs of fire (Zot:5)
  6 ancient liches
  32 greater mummies
  Margery (Vaults:5)
  Saint Roka (Shoals:2)
  2 Killer Klowns
  A curse toe (Zot:3)
  Mennas (Tomb:1)
  Geryon (Hell)
  4 golden dragons
  3 pandemonium lords (Pan)
  2 profane servitors
  Jory (Depths:2)
  3 bone dragons
  3 electric golems (Zot:5)
  8 Brimstone Fiends
  Nikola (Elf:2)
  14 Orb Guardians (Zot:5)
  12 liches
  9 tentacled monstrosities
  11 Hell Sentinels
  5 deep elf master archers
  16 titans
  10 Ice Fiends
  Asterion (Shoals:1)
  10 deep elf blademasters
  10 sphinxes
  A quicksilver dragon (Depths:3)
  7 Shadow Fiends
  2 eldritch tentacles
  7 tentacled starspawn
  An octopode crusher (Depths:5)
  Rupert (Lair:4)
  12 shadow dragons
  19 acid blobs
  7 storm dragons
  21 Executioners
  9 ancient champions
  Frances (Elf:2)
  6 tengu reavers
  A revenant (Crypt:3)
  2 draconian monks
  Roxanne (Elf:2)
  7 azure jellies (Slime:6)
  Ilsuiw (Shoals:5)
  2 draconian scorchers (Zot:1)
  17 frost giants
  13 deep elf sorcerers
  A black sun (Pan)
  12 emperor scorpions
  32 fire giants
  20 vault wardens
  Aizul (Elf:3)
  6 ghost moths
  14 iron dragons
  3 curse skulls
  22 cacodemons
  A spriggan defender (Depths:3)
  Gastronok (D:8)
  8 ghouls
  16 very ugly things
  32 balrugs
  17 war gargoyles
  Jorgrun (Elf:3)
  14 rakshasas
  2 draconian shifters
  3 draconian annihilators
  3 corrupters (Pan)
  29 reapers
  4 salamander firebrands
  An elemental wellspring (Coc:7)
  12 ironheart preservers
  2 draconian callers
  6 grey draconians
  8 lorocyprocas
  3 blood saints (Pan)
  8 vampire knights
  5 green draconians
  4 purple draconians
  11 deep elf demonologists
  2 mottled draconians
  36 stone giants
  5 black draconians
  4 yellow draconians
  2 pale draconians
  2 dire elephants
  A red draconian (Vaults:2)
  2 spectral titans
  4 bennus (Tomb:2)
  7 deep elf annihilators
  2 unborn
  14 deep elf death magi
  6 death oozes (Slime:6)
  Snorg (Elf:3)
  An eidolon (Abyss:3)
  3 merfolk javelineers (Shoals:5)
  11 fire dragons
  24 mummy priests
  9 merfolk impalers
  26 vault guards
  9 great orbs of eyes
  24 jiangshi
  16 blizzard demons
  11 green deaths
  15 yaktaur captains
  8 ettins
  8 minotaurs
  4 quicksilver dragon zombies
  2 catoblepae
  3 kraken zombies
  Fannar (Lair:5)
  4 death cobs
  2 quicksilver dragon skeletons
  Harold (D:11)
  4 hydras
  2 deep elf high priests (Elf:3)
  20 ice dragons
  8 hell beasts
  3 spriggan air magi
  Nessos (Orc:4)
  9 monstrous demonspawn
  Erica (Lair:2)
  9 centaur warriors
  A death knight (Crypt:3)
  A spectral fire giant (Tomb:1)
  2 satyrs (Shoals:5)
  24 ogre magi
  5 merfolk aquamancers
  14 dancing weapons (Elf:2)
  3 tengu warriors
  11 deep troll shamans
  6 deep troll earth magi
  An orc high priest (Elf:2)
  4 titan zombies
  34 sun demons
  28 death yaks
  A spriggan berserker (Depths:5)
  8 hell hogs
  A spectral storm dragon (Crypt:3)
  5 storm dragon zombies
  6 thrashing horrors
  Nergalle (D:10)
  2 fire crabs (shapeshifter)
  5 iron golems (Dis:7)
  32 soul eaters
  Erolcha (D:12)
  7 wretched stars
  11 sea snakes
  A titan skeleton (Coc:5)
  A spatial maelstrom (Abyss:3)
  26 deep trolls
  A salamander mystic (Geh:6)
  117 skeletal warriors
  34 hell knights
  2 fire crabs (Vaults:2)
  32 death scarabs
  15 flayed ghosts
  16 shadow demons
  20 deep elf knights
  13 iron trolls
  3 golden dragon zombies
  9 storm dragon skeletons
  5 gelid demonspawn
  8 wizards
  A ball lightning (Pan)
  26 ice devils
  3 unseen horrors
  11 anaconda zombies
  2 ghost moth zombies
  10 orc knights
  26 shadow wraiths
  8 infernal demonspawn
  11 deep elf summoners
  7 shadow dragon zombies
  4 giant orange brains
  9 ironbrand convokers
  2 ice statues
  A swamp dragon (shapeshifter) (Vaults:4)
  An anubis guard (shapeshifter) (D:15)
  A tengu zombie (Vaults:1)
  An obsidian statue (Depths:4)
  2 torturous demonspawn (Pan)
  4 wolf spider zombies
  Pikel (D:8)
  A golden dragon skeleton (Crypt:2)
  A lindwurm (shapeshifter) (Vaults:4)
  2 anaconda skeletons
  23 harpies
  19 necromancers
  4 orc sorcerers
  4 water nymphs
  2 deathcaps (Zot:3)
  18 deep elf conjurers
  8 orb spiders
  9 putrid demonspawn
  38 anubis guards
  2 frost giant zombies
  9 hornets
  8 hill giants
  2 fire giant zombies
  7 oklob plants
  An iron dragon zombie (Coc:1)
  23 wolf spiders
  A hornet (shapeshifter) (Vaults:4)
  A manticore (shapeshifter) (Vaults:3)
  2 tengu skeletons
  4 shining eyes
  11 griffons
  5 cyclopes
  8 stone giant zombies
  A sphinx skeleton (Vaults:5)
  A mana viper (Tomb:1)
  16 phantasmal warriors
  25 rust devils
  A salamander (shapeshifter) (Vaults:4)
  3 shadow dragon skeletons
  9 fauns
  8 salamanders
  29 sixfirhies
  9 sirens
  6 worldbinders
  8 black mambas
  A faun (shapeshifter) (Elf:3)
  3 dire elephant zombies
  An octopode (shapeshifter) (D:14)
  4 stone giant skeletons
  5 shock serpent zombies
  10 manticores
  66 ugly things
  4 frost giant skeletons
  8 moths of wrath
  5 centaur zombies
  11 spiny frogs
  A guardian serpent (shapeshifter) (Abyss:3)
  Joseph (D:10)
  2 eyes of devastation (Slime:2)
  6 elephants (Lair:7)
  2 fire giant skeletons (Vaults:2)
  2 titan simulacra (Coc:7)
  2 guardian serpents
  A molten gargoyle (Geh:7)
  21 vault sentinels
  28 orange demons
  A storm dragon simulacrum (Coc:7)
  3 dire elephant skeletons
  A spiny frog (shapeshifter) (Elf:3)
  A shock serpent skeleton (Coc:5)
  Psyche (D:7)
  A redback zombie (D:14)
  An emperor scorpion zombie (Coc:5)
  12 hellions
  36 yaktaurs
  7 naga magi
  6 anaconda simulacra
  27 tormentors
  16 smoke demons
  13 komodo dragons
  4 fire drakes
  A yaktaur (shapeshifter) (Vaults:2)
  A gargoyle (D:14)
  16 demonic crawlers
  A yaktaur zombie (Vaults:5)
  32 blue devils
  A purple draconian skeleton (Crypt:2)
  12 efreet
  A catoblepas skeleton (Pan)
  7 kobold demonologists
  20 deep elf priests
  3 silent spectres
  9 hydra zombies
  2 tengu conjurers
  A grey draconian skeleton (Crypt:2)
  16 jumping spiders
  4 ancient zymes (Abyss:3)
  33 red devils
  A queen bee (shapeshifter) (Vaults:3)
  17 trolls
  47 large abominations
  28 freezing wraiths
  44 guardian mummies
  2 harpy zombies
  24 merfolk
  14 hellwings
  A fire drake (shapeshifter) (Vaults:1)
  A death drake zombie (Crypt:2)
  19 polar bears
  The ghost of EmilioHeskey the Shield-Bearer, an average FoFi of the Shining One (D:5)
  2 boulder beetles (shapeshifter)
  Grinder (D:3)
  A polar bear (shapeshifter) (Abyss:3)
  3 fire vortices
  A troll (shapeshifter) (Vaults:2)
  3 wind drakes
  A shadow dragon simulacrum (Vaults:3)
  A raven (shapeshifter) (Vaults:1)
  8 boulder beetles
  17 blink frogs
  2 harpy skeletons
  4 raiju
  19 ravens
  4 bog bodies
  A fire dragon zombie (Tar:6)
  42 two-headed ogres
  2 alligator zombies (Coc:6)
  A centaur simulacrum (D:14)
  7 snapping turtles
  6 ice dragon zombies
  A fire giant simulacrum (Vaults:1)
  3 ettin zombies
  2 frost giant simulacra
  9 hydra skeletons
  13 ushabtiu
  A satyr zombie (Crypt:1)
  15 ynoxinuls
  9 fire elementals
  34 redbacks
  A spriggan (Lair:2)
  A black mamba zombie (Coc:2)
  123 flying skulls
  56 slime creatures
  3 ice dragon skeletons
  A redback (shapeshifter) (Depths:3)
  3 basilisks
  38 shadows
  4 air elementals
  5 alligator skeletons
  24 trapdoor spiders
  A black mamba skeleton (Tar:7)
  11 tarantellas
  6 ettin skeletons
  2 fire dragon skeletons
  24 deep elf magi
  31 water elementals
  17 vampires
  3 fire bats (Abyss:1)
  28 wraiths
  A shock serpent simulacrum (Crypt:3)
  A fire bat (shapeshifter) (Vaults:2)
  A yak (shapeshifter) (Vaults:5)
  14 hippogriffs
  The ghost of gigot the Ruffian, an average MiMo of Ru (D:4)
  2 stone giant simulacra
  45 yaks
  2 wyverns
  5 mottled dragons
  7 chaos spawn
  20 wolves
  5 golden eyes (Abyss:3)
  5 spatial vortices
  4 hungry ghosts
  17 neqoxecs
  An ogre zombie (Vaults:1)
  26 hell hounds
  2 steam dragons (Lair:8)
  3 hydra simulacra
  21 vampire mosquitoes
  4 wargs
  Edmund (D:4)
  2 insubstantial wisps (Abyss:3)
  14 swamp worms (Lair:8)
  Menkaure (D:6)
  28 deep elf fighters
  8 spiny frog zombies
  A faun zombie (Crypt:1)
  A soldier ant (shapeshifter) (D:14)
  8 human zombies
  A harpy simulacrum (Tomb:2)
  18 water moccasins
  2 sky beasts
  21 small abominations
  A deep dwarf (shapeshifter) (Elf:3)
  36 orc warriors
  3 swamp drakes (Lair:8)
  7 porcupines
  10 spiders
  2 black bears
  4 ettin simulacra
  A ghost crab zombie (Crypt:2)
  3 snapping turtle zombies
  An eye of draining (shapeshifter) (Vaults:3)
  9 spiny frog skeletons
  17 ice beasts
  An alligator simulacrum (Coc:7)
  7 human skeletons (Vaults:2)
  11 phantoms
  The ghost of Fanu the Poker, an average MfGl of Okawaru (D:3)
  22 boggarts
  87 ogres
  24 centaurs
  4 wasps
  6 eyes of draining
  18 necrophages
  2 boring beetles (shapeshifter)
  6 big kobolds
  14 crocodiles
  A spectral human (Tomb:1)
  3 elf zombies (Elf:1)
  4 brain worms
  20 giant frogs
  2 gnoll sergeants (D:9)
  2 hell hound zombies (Hell)
  2 wyvern zombies
  2 wyvern skeletons
  3 hell hound skeletons (Tar:7)
  2 spiny frog simulacra
  A boulder beetle zombie (Crypt:1)
  A troll zombie (Crypt:1)
  A naga zombie (Depths:4)
  8 scorpions
  48 wights
  31 killer bees
  A spriggan skeleton (Crypt:1)
  15 crimson imps
  10 hounds
  5 giant frog zombies
  6 quasits
  31 starcursed masses
  5 electric eels
  3 centaur skeletons
  A giant frog skeleton (D:9)
  21 jellies
  A goliath beetle (D:10)
  Crazy Yiuf (D:6)
  18 orc priests
  26 iron imps
  16 hell rats
  Natasha (twice) (D:3)
  19 orc wizards
  A spectral orc (D:10)
  14 worker ants
  A basilisk skeleton (Crypt:2)
  8 iguanas
  12 sheep
  A deep dwarf skeleton (Crypt:1)
  A felid skeleton (Crypt:1)
  An ogre skeleton (Geh:7)
  Terence (D:3)
  2 hound skeletons
  61 mummies
  A worker ant zombie (D:11)
  17 adders
  16 gnolls
  22 river rats
  A swamp drake skeleton (Crypt:1)
  13 shadow imps
  3 giant mites
  6 worms
  36 ufetubi
  18 white imps
  2 giant geckos
  An ooze (D:1)
  104 orcs
  10 bats
  11 giant cockroaches
  19 hobgoblins
  10 jackals
  43 kobolds
  13 quokkas
  2 ball pythons
  A giant gecko skeleton (D:5)
  6 giant newts
  2 giant spores
  4 gnoll zombies (Ossuary)
  13 goblins
  2 hobgoblin zombies (Ossuary)
  A jackal skeleton (D:4)
  2 kobold zombies
  An orc simulacrum (Crypt:1)
  An orc skeleton (Tar:2)
  2 orc zombies
  15 rats
  5 ballistomycetes
  11 crawling corpses
  5 fungi
  23 plants
  9 starspawn tentacles
  A tentacle (Coc:4)
4652 creatures vanquished.

Vanquished Creatures (collateral kills)
  A Hell Sentinel (Dis:7)
  A deep elf master archer (Vaults:1)
  3 balrugs
  A reaper (Geh:5)
  A deep elf demonologist (Elf:1)
  A hell hog (Geh:7)
  A titan skeleton (Geh:5)
  2 deep elf knights (Elf:1)
  A sixfirhy (Geh:7)
  2 tormentors
  4 hellions
  An efreet (Geh:7)
  2 shadows
  A deep elf mage (Elf:1)
  A black bear (D:13)
  An iron imp (Dis:7)
24 creatures vanquished.

Vanquished Creatures (others)
  A deep elf master archer (Crypt:3)
  A lich (Vaults:5)
  A titan (Crypt:3)
  An eldritch tentacle (Geh:7)
  A sphinx (Depths:3)
  A daeva (Geh:7)
  3 angels
  A lorocyproca (Pan)
  A black draconian (Crypt:1)
  A spriggan berserker (Depths:3)
  9 death scarabs
  3 ball lightnings (Pan)
  A deep elf summoner (Elf:1)
  A wizard (Pan)
  A deep elf conjurer (Elf:3)
  A faun (Shoals:5)
  3 guardian mummies (Tomb:2)
  3 polar bears (IceCv)
  An ushabti (Tomb:2)
  2 yaks (IceCv)
  A deep elf fighter (Vaults:2)
  4 flying skulls
  A water elemental (Depths:5)
  3 wolves (IceCv)
  A hell hound (Geh:2)
  A slave (D:8)
  A necrophage (D:8)
  A sky beast (D:8)
  A phantom (D:8)
  A wasp (Spider:5)
  2 boggarts (Vaults:2)
  16 lost souls
  An electric eel (Spider:5)
  A giant frog zombie (D:5)
  2 iron imps (Dis:7)
  7 mummies
  A shadow imp (D:8)
  2 giant spores
  A crawling corpse (Vaults:5)
  106 eldritch tentacle segments
  A fungus (Elf:2)
  9 plants
  11 starspawn tentacles
  137 starspawn tentacle segments
  8 tentacles
  50 tentacle segments
407 creatures vanquished.

Grand Total: 5083 creatures vanquished

Notes
Turn   | Place    | Note
--------------------------------------------------------------
     0 | D:1      | ztt, the Minotaur Fighter, began the quest for the Orb.
     0 | D:1      | Reached XP level 1. HP: 19/19 MP: 1/1
   113 | D:1      | Reached XP level 2. HP: 16/27 MP: 1/1
   312 | D:1      | Reached skill level 4 in Fighting
   880 | D:1      | Reached XP level 3. HP: 31/33 MP: 2/2
  1038 | D:2      | Reached skill level 1 in Dodging
  1180 | D:2      | Found a deep blue altar of Sif Muna.
  1763 | D:3      | Noticed Fanu's ghost (average MfGl)
  1778 | D:3      | Killed Fanu's ghost
  1778 | D:3      | Reached XP level 4. HP: 7/41 MP: 2/2
  1778 | D:3      | Reached XP level 5. HP: 8/47 MP: 2/2
  2020 | D:3      | Noticed Terence
  2025 | D:3      | Killed Terence
  2309 | D:3      | Noticed Grinder
  2321 | D:3      | Killed Grinder
  2321 | D:3      | Reached skill level 5 in Armour
  2321 | D:3      | Reached XP level 6. HP: 38/55 MP: 3/3
  2463 | D:3      | Noticed Natasha
  2464 | D:3      | Killed Natasha
  2515 | D:3      | Noticed Natasha
  2520 | D:3      | Killed Natasha
  2716 | D:4      | Noticed Edmund
  2731 | D:4      | Killed Edmund
  2731 | D:4      | Reached skill level 5 in Fighting
  2731 | D:4      | Reached XP level 7. HP: 31/61 MP: 3/3
  2853 | D:4      | Found a stormy altar of Qazlal.
  2853 | D:4      | Noticed gigot's ghost (average MiMo)
  2871 | D:4      | Killed gigot's ghost
  2871 | D:4      | Reached skill level 5 in Shields
  3143 | D:4      | Found a sand-covered staircase.
  3152 | Ossuary  | Entered an ossuary
  3328 | Ossuary  | Reached skill level 6 in Armour
  3331 | Ossuary  | Reached skill level 5 in Axes
  3787 | D:5      | Entered Level 5 of the Dungeon
  3967 | D:5      | Reached XP level 8. HP: 52/70 MP: 3/3
  3970 | D:5      | Found a radiant altar of Vehumet.
  4413 | D:5      | Found Frug's Magic Scroll Emporium.
  4464 | D:5      | Noticed EmilioHeskey's ghost (average FoFi)
  4474 | D:5      | Reached skill level 1 in Stealth
  4486 | D:5      | Killed EmilioHeskey's ghost
  4486 | D:5      | Reached skill level 7 in Armour
  4486 | D:5      | Reached skill level 5 in Dodging
  5458 | D:6      | Noticed Menkaure
  5466 | D:6      | Killed Menkaure
  5466 | D:6      | Reached XP level 9. HP: 40/79 MP: 4/4
  5564 | D:6      | Found a staircase to the Ecumenical Temple.
  5594 | Temple   | Entered the Ecumenical Temple
  5602 | Temple   | Became a worshipper of Warmaster Okawaru
  6499 | D:6      | Noticed Crazy Yiuf
  6511 | D:6      | Killed Crazy Yiuf
  6978 | D:7      | Found a white marble altar of Elyvilon.
  7242 | D:7      | Found a stormy altar of Qazlal.
  7243 | D:7      | Found a basalt altar of Yredelemnul.
  7244 | D:7      | Found a glowing silver altar of Zin.
  7543 | D:8      | Noticed Gastronok
  7543 | D:8      | Noticed Psyche
  7566 | D:7      | Killed Psyche
  7566 | D:7      | Reached skill level 8 in Axes
  7795 | D:8      | Killed Gastronok
  7795 | D:8      | Acquired Okawaru's first power
  7795 | D:8      | Reached skill level 9 in Axes
  7795 | D:8      | Reached XP level 10. HP: 26/90 MP: 4/4
  7959 | D:8      | Noticed Pikel
  7966 | D:8      | Paralysed by Pikel for 7 turns
  7977 | D:8      | Paralysed by Pikel for 2 turns
  7982 | D:8      | Killed Pikel
  9106 | D:8      | Found a bloodstained altar of Trog.
  9727 | D:9      | Noticed a cyclops
  9740 | D:9      | Killed a cyclops
  9740 | D:9      | Reached skill level 10 in Axes
  9742 | D:9      | Reached skill level 10 in Armour
  9978 | D:9      | Found a staircase to the Lair.
 10288 | D:9      | Reached skill level 10 in Shields
 10418 | D:9      | Reached XP level 11. HP: 67/99 MP: 4/4
 10620 | D:9      | Acquired Okawaru's second power
 10948 | D:10     | Entered Level 10 of the Dungeon
 11184 | D:10     | Received a gift from Okawaru
 11252 | D:10     | Found an opulent altar of Gozag.
 11530 | D:10     | Noticed Joseph
 11532 | D:10     | Noticed Nergalle
 11553 | D:10     | Killed Nergalle
 11553 | D:10     | Reached skill level 11 in Axes
 11559 | D:10     | Killed Joseph
 11559 | D:10     | Reached skill level 10 in Fighting
 12219 | D:10     | Found Mualaur's Food Boutique.
 12226 | D:10     | Bought a bread ration for 50 gold pieces
 12226 | D:10     | Bought a bread ration for 50 gold pieces
 12226 | D:10     | Bought a bread ration for 50 gold pieces
 12226 | D:10     | Bought a beef jerky for 15 gold pieces
 12226 | D:10     | Bought a meat ration for 50 gold pieces
 12226 | D:10     | Bought a meat ration for 50 gold pieces
 12228 | D:10     | Bought a beef jerky for 15 gold pieces
 12500 | D:11     | Noticed Harold
 12519 | D:11     | Killed Harold
 12627 | D:11     | Noticed an ice devil
 12673 | D:11     | Found a staircase to the Orcish Mines.
 12748 | D:11     | Received a gift from Okawaru
 12753 | D:11     | Reached skill level 12 in Axes
 12769 | D:11     | Got a spiked crystal plate armour {god gift}
 12780 | D:11     | Identified the +14 crystal plate armour of Complete Protection {Regen+} (Okawaru gifted it to you on level 11 of the Dungeon)
 13092 | D:11     | Reached XP level 12. HP: 106/108 MP: 5/5
 13553 | D:12     | Noticed Erolcha
 13559 | D:12     | Paralysed by Erolcha for 6 turns
 13571 | D:12     | Killed Erolcha
 14409 | D:13     | Identified a scroll of acquirement
 14516 | D:13     | Reached skill level 13 in Axes
 14536 | D:13     | Noticed a centaur warrior
 14551 | D:13     | Killed a centaur warrior
 15092 | D:13     | Received a gift from Okawaru
 15411 | D:14     | Noticed a centaur warrior
 15430 | D:14     | Killed a centaur warrior
 15780 | D:14     | Noticed an ice dragon
 15792 | D:14     | Noticed a shadow dragon
 15793 | D:14     | Noticed a centaur warrior
 15799 | D:14     | Reached XP level 13. HP: 41/118 MP: 4/5
 16143 | D:14     | Found a gate to the Vaults.
 16218 | D:14     | Reached skill level 14 in Axes
 16227 | D:14     | Found a snail-covered altar of Cheibriados.
 16442 | D:14     | Killed an ice dragon
 16512 | D:14     | Noticed an eight-headed hydra
 16526 | D:14     | Killed a 16-headed hydra
 16616 | D:14     | Killed a centaur warrior
 16703 | D:14     | Killed a shadow dragon
 16703 | D:14     | Reached skill level 1 in Invocations
 17099 | D:14     | Received a gift from Okawaru
 17363 | D:15     | Entered Level 15 of the Dungeon
 17513 | D:15     | Reached skill level 15 in Axes
 17807 | D:15     | Noticed a fire giant
 17839 | D:15     | Killed a fire giant
 17925 | D:15     | Reached XP level 14. HP: 129/129 MP: 7/7
 18117 | D:15     | Received a gift from Okawaru
 18166 | D:15     | Reached skill level 15 in Shields
 18323 | D:15     | Reached skill level 16 in Axes
 18526 | D:15     | Found a staircase to the Depths.
 19170 | Lair:1   | Entered Level 1 of the Lair of Beasts
 19765 | Lair:2   | Noticed Erica
 19775 | Lair:2   | Killed Erica
 20845 | Lair:3   | Received a gift from Okawaru
 21027 | Lair:3   | Reached skill level 17 in Axes
 21284 | Lair:4   | Noticed Rupert
 21304 | Lair:4   | Killed Rupert
 22452 | Lair:5   | Received a gift from Okawaru
 22510 | Lair:5   | Reached XP level 15. HP: 112/139 MP: 9/9
 22633 | Lair:5   | Noticed Fannar
 22675 | Lair:5   | Killed Fannar
 23021 | Lair:5   | Found a hole to the Spider Nest.
 23459 | Lair:6   | Found a labyrinth entrance.
 23470 | Lab      | Entered a labyrinth
 23854 | Lair:6   | Found a staircase to the Shoals.
 24259 | Lair:7   | Found a frozen archway.
 24306 | IceCv    | Entered an ice cave
 24955 | IceCv    | Reached skill level 18 in Axes
 25003 | IceCv    | Reached skill level 15 in Fighting
 25156 | IceCv    | Received a gift from Okawaru
 25191 | IceCv    | Got a pair of brightly glowing gloves {god gift}
 25202 | IceCv    | Identified the +1 pair of gloves of Magic {rF++ rN+ Str-4 Int+4 Dex-5} (Okawaru gifted it to you in an ice cave)
 26405 | Lair:8   | Entered Level 8 of the Lair of Beasts
 27101 | Lair:8   | Got a steaming broad axe
 27102 | Lair:8   | Identified the +4 broad axe "Fyhaon" {chop, Noisy rC+ Int+3} (You found it on level 8 of the Lair of Beasts)
 27278 | Shoals:1 | Entered Level 1 of the Shoals
 27306 | Shoals:1 | Found Noheupt's Jewellery Emporium.
 27328 | Shoals:1 | Bought a +3 ring of slaying for 630 gold pieces
 27328 | Shoals:1 | Bought the amulet "Urusarchant" {Clar MR+ Dex+3} for 544 gold pieces
 27536 | Shoals:2 | Reached XP level 16. HP: 120/149 MP: 9/9
 27658 | Shoals:1 | Received a gift from Okawaru
 27739 | Shoals:2 | Noticed Saint Roka
 27745 | Shoals:1 | Reached skill level 19 in Axes
 27953 | Shoals:1 | Noticed Asterion
 27964 | Shoals:1 | Killed Asterion
 28110 | Shoals:2 | Killed Saint Roka
 28110 | Shoals:2 | Received a gift from Okawaru
 28768 | Shoals:5 | Entered Level 5 of the Shoals
 28784 | Shoals:5 | Noticed Polyphemus
 28900 | Shoals:5 | Noticed Ilsuiw
 28931 | Shoals:5 | Received a gift from Okawaru
 29238 | Shoals:5 | Reached skill level 20 in Axes
 29531 | Shoals:5 | Got a barnacled rune of Zot
 29670 | Shoals:5 | Reached XP level 17. HP: 159/159 MP: 9/9
 29740 | Shoals:5 | Killed Ilsuiw
 29740 | Shoals:5 | Received a gift from Okawaru
 29760 | Shoals:5 | Got a pair of encrusted gloves {god gift}
 29771 | Shoals:5 | Identified the -4 pair of gloves of Ibaar {Int+3 Stlth-} (Okawaru gifted it to you on level 5 of the Shoals)
 30043 | Spider:1 | Entered Level 1 of the Spider Nest
 30365 | Spider:2 | Received a gift from Okawaru
 30664 | Spider:5 | Entered Level 5 of the Spider Nest
 30770 | Spider:5 | Reached skill level 21 in Axes
 31249 | Spider:5 | Got a gossamer rune of Zot
 31678 | Orc:1    | Entered Level 1 of the Orcish Mines
 31743 | Orc:2    | Reached skill level 15 in Armour
 31752 | Orc:3    | Found a staircase to the Elven Halls.
 31779 | Elf:1    | Entered Level 1 of the Elven Halls
 32197 | Elf:1    | Received a gift from Okawaru
 32388 | Elf:1    | HP: 7/163 [Executioner/nerve-wracking pain[a deep elf demonologist] (10)]
 32963 | Elf:1    | Reached XP level 18. HP: 171/171 MP: 11/11
 33009 | Elf:2    | Noticed Nikola
 33026 | Elf:2    | Killed Nikola
 33079 | Elf:2    | Found a runed gate.
 33080 | Elf:2    | Found a runed gate.
 33080 | Elf:2    | Found a runed gate.
 33168 | Elf:2    | Received a gift from Okawaru
 33168 | Elf:2    | Reached skill level 22 in Axes
 33175 | Elf:2    | Noticed Roxanne
 33207 | Elf:2    | Killed Roxanne
 33251 | Elf:2    | Identified Roxanne's Papyrus of Mutagenic Clay (You took it off Roxanne on level 2 of the Elven Halls)
 33334 | Elf:2    | Found Sajow's Gadget Emporium.
 33856 | Elf:2    | Noticed Frances
 33868 | Elf:2    | Killed Frances
 33868 | Elf:2    | Received a gift from Okawaru
 34022 | Elf:2    | Got a fine war axe {god gift}
 34023 | Elf:2    | Identified the -2 war axe of Priustrust {flame, rElec} (Okawaru gifted it to you on level 2 of the Elven Halls)
 34040 | Elf:3    | Entered Level 3 of the Elven Halls
 34043 | Elf:3    | Noticed Snorg
 34048 | Elf:3    | Noticed Aizul
 34051 | Elf:3    | Killed Snorg
 34069 | Elf:3    | Killed Aizul
 34449 | Elf:3    | Noticed Jorgrun
 34468 | Elf:3    | Killed Jorgrun
 35112 | Elf:3    | Reached skill level 23 in Axes
 35118 | Elf:3    | Received a gift from Okawaru
 35148 | Elf:3    | Reached XP level 19. HP: 181/181 MP: 14/18
 35502 | Elf:3    | Got a polished cloak
 35513 | Elf:3    | Identified the +0 cloak of Coexzut {MR+ Regen+ Str-4 Int+2} (You found it on level 3 of the Elven Halls)
 35760 | Orc:4    | Entered Level 4 of the Orcish Mines
 36020 | Orc:4    | Noticed Nessos
 36034 | Orc:4    | Found Kucun's Food Emporium.
 36034 | Orc:4    | Found Pnaaja Henug's Antique Weapon Shop.
 36041 | Orc:4    | Killed Nessos
 36044 | Orc:4    | Found Cigaifom's Food Boutique.
 36044 | Orc:4    | Found Juet's Weapon Emporium.
 36244 | Vaults:1 | Entered Level 1 of the Vaults
 36300 | Vaults:1 | Reached skill level 24 in Axes
 36631 | Vaults:1 | Found Kliewuweal's General Store.
 36644 | Vaults:1 | Received a gift from Okawaru
 36906 | Vaults:1 | Received a gift from Okawaru
 37597 | Vaults:2 | Reached skill level 25 in Axes
 37816 | Vaults:2 | Received a gift from Okawaru
 37920 | Vaults:2 | Found Plyklawk's Assorted Antiques.
 37939 | Vaults:2 | Bought 3 scrolls of teleportation for 252 gold pieces
 37939 | Vaults:2 | Bought a potion of curing for 84 gold pieces
 38209 | Vaults:2 | Found Gaud's Antique Armour Shoppe.
 38233 | Vaults:2 | Found Plarr's Magic Scroll Emporium.
 38244 | Vaults:2 | Bought a scroll of teleportation for 51 gold pieces
 38244 | Vaults:2 | Bought a scroll of teleportation for 51 gold pieces
 38244 | Vaults:2 | Bought a scroll of teleportation for 51 gold pieces
 38244 | Vaults:2 | Bought a scroll of enchant weapon for 127 gold pieces
 38298 | Vaults:2 | Reached XP level 20. HP: 193/193 MP: 18/18
 38380 | Vaults:2 | Found a staircase to the Crypt.
 38616 | Vaults:3 | Found Gounuo's Distillery.
 38619 | Vaults:3 | Bought a potion of curing for 54 gold pieces
 38619 | Vaults:3 | Bought a potion of curing for 54 gold pieces
 38619 | Vaults:3 | Bought a potion of haste for 180 gold pieces
 38619 | Vaults:3 | Bought a potion of agility for 72 gold pieces
 38619 | Vaults:3 | Bought a potion of curing for 54 gold pieces
 38619 | Vaults:3 | Bought a potion of curing for 54 gold pieces
 38871 | Vaults:3 | Reached skill level 26 in Axes
 39593 | Vaults:4 | Received a gift from Okawaru
 39981 | Vaults:4 | Reached skill level 5 in Invocations
 40653 | Vaults:5 | Entered Level 5 of the Vaults
 40677 | Vaults:5 | Reached XP level 21. HP: 197/203 MP: 17/24
 40679 | Vaults:5 | Received a gift from Okawaru
 40712 | Vaults:5 | Noticed a golden dragon
 40717 | Vaults:5 | Reached skill level 27 in Axes
 40892 | Vaults:4 | Killed a golden dragon
 41057 | Vaults:5 | Noticed Margery
 41172 | Vaults:5 | Received a gift from Okawaru
 41258 | Vaults:5 | Killed Margery
 41600 | Vaults:5 | Reached XP level 22. HP: 73/215 MP: 26/28
 41935 | Vaults:5 | Got a silver rune of Zot
 42141 | Vaults:5 | Received a gift from Okawaru
 42912 | Depths:1 | Entered Level 1 of the Depths
 43036 | Depths:1 | Got a glittering bone ring
 43037 | Depths:1 | Identified the ring of Bryv {rPois rF+ Dex+4} (You found it on level 1 of the Depths)
 43379 | Depths:1 | Found a gateway to Hell.
 43452 | Depths:1 | Found a one-way gate leading to the halls of Pandemonium.
 43467 | Depths:1 | Received a gift from Okawaru
 43509 | Depths:1 | Reached skill level 10 in Invocations
 43540 | Depths:1 | Found a runed door.
 43811 | Depths:1 | Found a radiant altar of Vehumet.
 43811 | Depths:1 | Noticed an ancient lich
 43826 | Depths:1 | Killed an ancient lich
 43961 | Depths:1 | Got a bronze crystal plate armour {god gift}
 43962 | Depths:1 | Identified the -2 crystal plate armour of the Evil One {+Blink rN+ rCorr Slay-6} (Okawaru gifted it to you on level 1 of the Depths)
 43994 | Depths:2 | Found Schoela's Assorted Antiques.
 44057 | Depths:2 | Bought a potion of heal wounds for 250 gold pieces
 44057 | Depths:2 | Bought a potion of haste for 500 gold pieces
 44057 | Depths:2 | Bought a smoking silver ring for 250 gold pieces
 44057 | Depths:2 | Identified the ring "Yfuati Pliost" {Ice rN+ Str+5} (You bought it in a shop on level 2 of the Depths)
 44337 | Depths:2 | Noticed Jory
 44365 | Depths:2 | Killed Jory
 44489 | Depths:2 | Received a gift from Okawaru
 44512 | Depths:2 | Identified the Volume of Attacks
 44686 | Depths:2 | Reached XP level 23. HP: 219/227 MP: 30/30
 45182 | Depths:3 | Found a one-way gate to the infinite horrors of the Abyss.
 45963 | Depths:3 | Got a vibrating amber ring
 45977 | Depths:3 | Identified the ring of the Heavens {Dex+3 SInv} (You found it on level 3 of the Depths)
 46366 | Depths:3 | Received a gift from Okawaru
 46433 | Depths:3 | Found Smab's Weapon Boutique.
 46459 | Depths:3 | Found a portal to a secret trove of treasure.
 47413 | Depths:3 | Received a gift from Okawaru
 48620 | Depths:4 | Reached XP level 24. HP: 220/240 MP: 33/33
 49168 | Depths:5 | Entered Level 5 of the Depths
 49188 | Depths:5 | Received a gift from Okawaru
 49275 | Depths:5 | Found a gateway to a ziggurat.
 49419 | Depths:5 | Found a flickering gateway to a bazaar.
 49428 | Bazaar   | Entered a bazaar
 49428 | Bazaar   | Found Plitutt's Distillery.
 49428 | Bazaar   | Found Zoanu's Book Emporium.
 49432 | Bazaar   | Found Owaomnaw's Jewellery Shoppe.
 49436 | Bazaar   | Bought a potion of heal wounds for 50 gold pieces
 49436 | Bazaar   | Bought a potion of haste for 100 gold pieces
 49436 | Bazaar   | Bought 2 potions of curing for 60 gold pieces
 49436 | Bazaar   | Bought a potion of agility for 40 gold pieces
 49436 | Bazaar   | Bought a potion of haste for 100 gold pieces
 49436 | Bazaar   | Bought a potion of curing for 30 gold pieces
 49436 | Bazaar   | Bought a potion of agility for 40 gold pieces
 49436 | Bazaar   | Bought 2 potions of cure mutation for 700 gold pieces
 49445 | Bazaar   | Found Thref's General Store.
 49454 | Bazaar   | Bought a meat ration for 50 gold pieces
 49805 | Depths:5 | Found a gate to the Realm of Zot.
 50991 | Lair:7   | Found a staircase to the Slime Pits.
 51007 | Slime:1  | Entered Level 1 of the Pits of Slime
 51039 | Slime:2  | Gained mutation: You are robust (+10% HP). [a shining eye]
 51181 | Slime:1  | Gained mutation: You are clumsy. (Dex -2) [a shining eye]
 51548 | Slime:5  | Gained mutation: Your spells are a little easier to cast, but a little less powerful. [a shining eye]
 51582 | Slime:6  | Entered Level 6 of the Pits of Slime
 52068 | Slime:6  | Received a gift from Okawaru
 52077 | Slime:6  | Noticed the royal jelly
 52097 | Slime:6  | Killed the royal jelly
 52152 | Slime:6  | Got a smoking silver ring
 52154 | Slime:6  | Identified the ring "Bruupoam" {rN+ Int+4 SInv} (You found it on level 6 of the Pits of Slime)
 52185 | Slime:6  | Got a slimy rune of Zot
 52187 | Slime:6  | Identified the Incunabulum of the Escort
 52200 | Slime:6  | Got a sparkling amber ring
 52201 | Slime:6  | Identified the ring "Jiwacuts" {Wiz Int+2} (You found it on level 6 of the Pits of Slime)
 52219 | Slime:6  | Identified the Disquisition on Transmigration and the Mountains
 52222 | Slime:6  | Got a pair of blackened gloves
 52233 | Slime:6  | Identified the +4 pair of gloves of Boiling Hail {rF+ rCorr} (You found it on level 6 of the Pits of Slime)
 52773 | Temple   | Fell from the grace of Okawaru
 52773 | Temple   | Became a worshipper of the Shining One
 53168 | Crypt:1  | Entered Level 1 of the Crypt
 53227 | Crypt:1  | Acquired the Shining One's first power
 53340 | Crypt:1  | Acquired the Shining One's second power
 53601 | Crypt:1  | Acquired the Shining One's third power
 53896 | Crypt:1  | Acquired the Shining One's fourth power
 54047 | Crypt:2  | Reached XP level 25. HP: 278/278 MP: 34/34
 54607 | Crypt:3  | Entered Level 3 of the Crypt
 54758 | Crypt:3  | Found an ancient bone altar of Kikubaaqudgha.
 54867 | Crypt:3  | Gained mutation: You have large cloven feet. [potion of beneficial mutation]
 54871 | Crypt:3  | Lost mutation: You have large cloven feet. [potion of cure mutation]
 54871 | Crypt:3  | Lost mutation: Your spells are a little easier to cast, but a little less powerful. [potion of cure mutation]
 54871 | Crypt:3  | Lost mutation: You are robust (+10% HP). [potion of cure mutation]
 54871 | Crypt:3  | Lost mutation: You are clumsy. (Dex -2) [potion of cure mutation]
 55076 | Crypt:3  | Found a staircase to the Tomb.
 55224 | Crypt:3  | Got a bound bone ring
 55224 | Crypt:3  | Got a coiled pewter ring
 56278 | Temple   | Identified a +9 battleaxe of holy wrath (a +9 battleaxe of flaming blessed by the Shining One)
 56622 | Hell     | Entered the Vestibule of Hell
 56628 | Hell     | Noticed Geryon
 56641 | Hell     | Killed Geryon
 56689 | Hell     | Found a gateway to the freezing wastes of Cocytus.
 56728 | Hell     | Reached skill level 27 in Fighting
 56811 | Hell     | Found a gateway to the decaying netherworld of Tartarus.
 56923 | Hell     | Found a gateway to the ashen valley of Gehenna.
 57017 | Hell     | Found a gateway to the Iron City of Dis.
 57052 | Hell     | Reached skill level 15 in Invocations
 57052 | Hell     | Reached XP level 26. HP: 248/266 MP: 36/36
 57417 | Tar:1    | Entered Level 1 of Tartarus
 57462 | Tar:1    | Was forgiven by Okawaru
 58110 | Tar:6    | Gained mutation: Your mind is acute. (Int +2) [mutagenic glow]
 58118 | Tar:7    | Entered Level 7 of Tartarus
 58151 | Tar:7    | Noticed an ancient lich
 58158 | Tar:7    | Gained mutation: Your magical capacity is low (-10% MP). [mutagenic glow]
 58162 | Tar:7    | Killed an ancient lich
 58239 | Tar:7    | Noticed an ancient lich
 58243 | Tar:7    | Killed an ancient lich
 58295 | Tar:7    | Noticed Ereshkigal
 58326 | Tar:7    | Killed Ereshkigal
 58342 | Tar:7    | Got a bone rune of Zot
 58594 | Dis:1    | Entered Level 1 of the Iron City of Dis
 59125 | Dis:7    | Entered Level 7 of the Iron City of Dis
 59355 | Dis:7    | Reached XP level 27. HP: 273/273 MP: 33/33
 59459 | Dis:7    | Identified the ring of the Lonely Beggars {rN+ MR- Str+4 Dex+2} (You found it on level 3 of the Crypt)
 59461 | Dis:7    | Identified the ring "Yshuhiz" {rC- rN+ Str+4 Int+4 Slay+3} (You found it on level 3 of the Crypt)
 59559 | Dis:7    | Noticed the Serpent of Hell
 59581 | Dis:7    | Killed the Serpent of Hell
 59702 | Dis:7    | Noticed Dispater
 59723 | Dis:7    | Killed Dispater
 59728 | Dis:7    | Got an iron rune of Zot
 60030 | Geh:1    | Entered Level 1 of Gehenna
 60165 | Geh:2    | Cast into the Abyss (hell knight)
 60374 | Abyss:2  | Gained mutation: Potions and wands are less effective at restoring your health. [a neqoxec]
 60378 | Abyss:2  | Gained mutation: You expend magic power (3 MP) to slightly strengthen your wands. [a neqoxec]
 60797 | Abyss:3  | Got an abyssal rune of Zot
 61277 | Abyss:3  | Found a corrupted altar of Lugonu.
 61293 | Abyss:3  | Lost mutation: Potions and wands are less effective at restoring your health. [a neqoxec]
 61597 | Geh:2    | Escaped the Abyss
 62091 | Geh:6    | Gained mutation: Your spells are a little easier to cast, but a little less powerful. [mutagenic glow]
 62160 | Geh:7    | Entered Level 7 of Gehenna
 63105 | Geh:7    | Noticed Asmodeus
 63125 | Geh:7    | Killed Asmodeus
 63192 | Geh:7    | Got an obsidian rune of Zot
 63424 | Coc:1    | Entered Level 1 of Cocytus
 64357 | Coc:6    | Reached skill level 27 in Armour
 64429 | Coc:7    | Entered Level 7 of Cocytus
 64611 | Coc:7    | Noticed Antaeus
 64629 | Coc:7    | Killed Antaeus
 64677 | Coc:7    | Got an icy rune of Zot
 65012 | Pan      | Entered Pandemonium
 65102 | Pan      | Lost mutation: Your mind is acute. (Int +2) [a neqoxec]
 65350 | Pan      | Entered the realm of Mnoleg.
 65413 | Pan      | Gained mutation: Your spells are easier to cast, but less powerful. [a cacodemon]
 65497 | Pan      | Gained mutation: Your magical capacity is very low (-20% MP). [a cacodemon]
 65574 | Pan      | Gained mutation: Scrolls take you a little longer to read. [a neqoxec]
 65577 | Pan      | Gained mutation: Your magical capacity is extremely low (-30% MP). [a neqoxec]
 65629 | Pan      | Noticed Mnoleg
 65639 | Pan      | Killed Mnoleg
 65645 | Pan      | Lost intelligence.
 65657 | Pan      | Got a glowing rune of Zot
 65693 | Pan      | Lost mutation: Your magical capacity is extremely low (-30% MP). [potion of cure mutation]
 65693 | Pan      | Lost mutation: Your magical capacity is very low (-20% MP). [potion of cure mutation]
 65693 | Pan      | Lost mutation: Scrolls take you a little longer to read. [potion of cure mutation]
 65693 | Pan      | Lost mutation: Your magical capacity is low (-10% MP). [potion of cure mutation]
 65693 | Pan      | Lost mutation: You expend magic power (3 MP) to slightly strengthen your wands. [potion of cure mutation]
 65693 | Pan      | Lost mutation: Your spells are easier to cast, but less powerful. [potion of cure mutation]
 65915 | Pan      | Noticed Pnint the pandemonium lord
 65927 | Pan      | Killed Pnint the pandemonium lord
 66200 | Pan      | Gained mutation: You occasionally shout uncontrollably at your foes. [a cacodemon]
 66755 | Pan      | Found an exit through the horrors of the Abyss.
 66842 | Pan      | Noticed Thigo the pandemonium lord
 66863 | Pan      | Paralysed by Thigo for 3 turns
 66870 | Pan      | Killed Thigo the pandemonium lord
 66882 | Pan      | Got a demonic rune of Zot
 67034 | Pan      | Found a gateway to a ziggurat.
 67063 | Pan      | Noticed Greuvu the pandemonium lord
 67074 | Pan      | Killed Greuvu the pandemonium lord
 67095 | Pan      | Entered the realm of Cerebov.
 67432 | Pan      | Noticed Cerebov
 67491 | Pan      | Killed Cerebov
 68014 | Pan      | Got a fiery rune of Zot
 68103 | Pan      | Entered the realm of Gloorx Vloq.
 68131 | Pan      | Found an exit through the horrors of the Abyss.
 68240 | Pan      | Reached skill level 27 in Invocations
 68254 | Pan      | Reached skill level 1 in Evocations
 68269 | Pan      | Noticed Gloorx Vloq
 68269 | Pan      | Reached skill level 1 in Throwing
 68269 | Pan      | Reached skill level 1 in Unarmed Combat
 68275 | Pan      | Killed Gloorx Vloq
 68275 | Pan      | Reached skill level 1 in Spellcasting
 68409 | Pan      | Got a dark rune of Zot
 68856 | Pan      | Reached skill level 5 in Evocations
 68948 | Pan      | Entered the realm of Lom Lobon.
 68959 | Pan      | Got a pair of brightly glowing gloves
 68970 | Pan      | Identified the +1 pair of gloves "Ishrurohi" {rC- MR+ Regen+ Int+5 Stlth+} (You acquired it in Pandemonium)
 69152 | Pan      | Noticed Lom Lobon
 69169 | Pan      | Killed Lom Lobon
 69190 | Pan      | Got a magical rune of Zot
 69285 | Pan      | Found an exit through the horrors of the Abyss.
 69301 | Pan      | Took an exit into the Abyss.
 69301 | Abyss:1  | Escaped into the Abyss
 69373 | Depths:1 | Escaped the Abyss
 69704 | Tomb:1   | Entered Level 1 of the Tomb of the Ancients
 69891 | Tomb:1   | Reached skill level 10 in Dodging
 71095 | Tomb:2   | Reached skill level 5 in Throwing
 71098 | Tomb:2   | Noticed Mennas
 71260 | Tomb:1   | Killed Mennas
 72074 | Tomb:2   | Reached skill level 10 in Throwing
 72749 | Tomb:1   | Lost mutation: Your spells are a little easier to cast, but a little less powerful. [potion of cure mutation]
 72749 | Tomb:1   | Lost mutation: You occasionally shout uncontrollably at your foes. [potion of cure mutation]
 74218 | Tomb:3   | Entered Level 3 of the Tomb of the Ancients
 74329 | Tomb:2   | Reached skill level 15 in Throwing
 75086 | Tomb:2   | Lost intelligence.
 75467 | Tomb:3   | Noticed Khufu
 75979 | Tomb:2   | Killed Khufu
 76297 | Tomb:3   | Got a golden rune of Zot
 77122 | Zot:1    | Entered Level 1 of the Realm of Zot
 77762 | Zot:5    | Entered Level 5 of the Realm of Zot
 77973 | Zot:5    | Noticed an ancient lich
 77981 | Zot:5    | Killed an ancient lich
 78150 | Zot:5    | Noticed an ancient lich
 78154 | Zot:5    | Killed an ancient lich
 78185 | Zot:5    | Noticed an orb of fire
 78192 | Zot:5    | Gained mutation: You are dopey. (Int -2) [an orb of fire]
 78196 | Zot:5    | Gained mutation: You tend to lose your temper in combat. [an orb of fire]
 78200 | Zot:5    | Gained mutation: You have difficulty communicating with the divine. [an orb of fire]
 78203 | Zot:5    | Killed an orb of fire
 78204 | Zot:5    | Lost mutation: You are dopey. (Int -2) [potion of cure mutation]
 78204 | Zot:5    | Lost mutation: You have difficulty communicating with the divine. [potion of cure mutation]
 78204 | Zot:5    | Lost mutation: You tend to lose your temper in combat. [potion of cure mutation]
 78206 | Zot:5    | Noticed an orb of fire
 78208 | Zot:5    | Noticed an orb of fire
 78213 | Zot:5    | Noticed an orb of fire
 78214 | Zot:5    | Noticed an ancient lich
 78215 | Zot:5    | Noticed an orb of fire
 78221 | Zot:5    | Killed an orb of fire
 78222 | Zot:5    | Killed an ancient lich
 78274 | Zot:5    | Noticed an orb of fire
 78281 | Zot:5    | Gained mutation: You are frail (-10% HP). [an orb of fire]
 78282 | Zot:5    | Gained mutation: Scrolls take you a little longer to read. [an orb of fire]
 78287 | Zot:5    | Killed an orb of fire
 78318 | Zot:5    | Noticed an orb of fire
 78665 | Zot:5    | Killed an orb of fire
 78784 | Zot:5    | Noticed an orb of fire
 78792 | Zot:5    | Killed from afar by an orb of fire

Action                   |  1- 3 |  4- 6 |  7- 9 | 10-12 | 13-15 | 16-18 | 19-21 | 22-24 | 25-27 || total
-------------------------+-------+-------+-------+-------+-------+-------+-------+-------+-------++-------
Melee: War axe           |   106 |    45 |   347 |  1142 |  1748 |       |       |       |       ||  3388
       Broad axe         |       |       |       |       |    61 |  1349 |  1275 |  1648 |   417 ||  4750
       Battleaxe         |       |       |       |       |       |       |       |       |  3449 ||  3449
Throw: Stone             |       |       |       |       |       |       |       |       |    48 ||    48
Invok: Heroism           |       |       |       |     2 |     3 |       |     2 |     1 |       ||     8
       Finesse           |       |       |       |       |     1 |     5 |     5 |     2 |       ||    13
       Summon Divine War |       |       |       |       |       |       |       |       |    12 ||    12
Evoke: Wand              |       |       |       |       |     2 |     1 |       |     4 |     5 ||    12
  Use: Scroll            |    12 |       |    10 |     9 |    26 |    15 |    14 |    14 |    26 ||   126
       Potion            |     1 |       |     2 |       |     1 |     3 |     6 |     1 |    46 ||    60
 Stab: Distracted        |       |       |       |       |     1 |       |       |     1 |     1 ||     3
       Confused          |       |       |       |       |     4 |       |       |       |       ||     4
       Fleeing           |       |       |       |       |     1 |       |       |       |       ||     1
       Sleeping          |       |       |       |       |       |       |       |       |     1 ||     1
  Eat: Chunk             |     2 |       |     1 |     8 |     7 |     1 |     6 |     1 |       ||    26
       Meat ration       |       |     1 |       |       |     2 |     1 |       |     1 |     2 ||     7
       Bread ration      |       |       |     3 |       |     2 |     3 |     3 |     5 |    19 ||    35
       Pizza             |       |       |     1 |     1 |     1 |     4 |     1 |     2 |     1 ||    11
       Beef jerky        |       |       |     1 |    10 |     7 |     4 |       |     1 |     1 ||    24
       Fruit             |       |       |       |       |     1 |       |       |       |       ||     1
       Royal jelly       |       |       |       |       |       |       |       |     5 |       ||     5
